 Dungeon Crawl Stone Soup version 0.31.0-12-g77e489cdc1 (webtiles) character file.

Game seed: 12736654029310334995

236 raph the Cudgeller (level 5, 0/50 HPs)
             Began as a Troll Berserker on Feb 21, 2024.
             Was a Believer of Trog.
             Slain by an iguana (11 damage)
             ... on level 4 of the Dungeon.
             The game lasted 00:03:56 (2529 turns).

raph the Cudgeller (Troll Berserker)                Turns: 2529, Time: 00:03:57

Health: 0/50       AC:  4    Str: 25    XL:     5   Next: 77%
Magic:  4/4        EV: 10    Int:  3    God:    Trog [**....]
Gold:   179        SH:  0    Dex: 11    Spells: 4/4 levels left

rFire   . . .        q - +0 flail
rCold   . . .        (no shield)
rNeg    . . .        b - +0 animal skin
rPois   .            (helmet currently unavailable)
rElec   .            m - melded +0 cloak
rCorr   .            (gloves unavailable)
SInv    .            (boots unavailable)
Will    .....        (no amulet)
Stlth   +            (no ring)
HPRegen 1.08/turn    (no ring)
MPRegen 0.09/turn

%: no passive effects
@: beast-form
A: beast (slay +0), large, unfitting armour, claws 3, regeneration 1, shaggy fur
1, tough skin 1
a: Begin Untransformation, Renounce Religion, Berserk, Trog's Hand


You were on level 4 of the Dungeon.
You worshipped Trog.
Trog was pleased with you.
You were a hulking beast.
You visited 1 branch of the dungeon, and saw 4 of its levels.

You collected 179 gold pieces.

Inventory:

Hand Weapons
 a - a +0 mace
 j - the +7 rapier "Asachubo" {freeze, rC+ Dex+2 Stlth+}
   (You found it on level 2 of the Dungeon)

   Dex+2:     It affects your dexterity (+2).
   rC+:       It protects you from cold.
   Stlth+:    It makes you more stealthy.
 q - a +0 flail (weapon)
Missiles
 r - 2 boomerangs (quivered)
Armour
 b - a +0 animal skin (worn)
 m - a +0 cloak (melded)
Talismans
 d - a blade talisman
 n - a beast talisman (active)
 o - a flux talisman
Wands
 v - a wand of roots (6)
Scrolls
 e - a scroll of fear {unknown}
 f - a scroll of teleportation {unknown}
 g - a scroll of acquirement {unknown}
 h - 2 scrolls of enchant weapon {unknown}
 i - 2 scrolls of noise {unknown}
 k - 3 scrolls of fog {unknown}
 p - 3 scrolls of revelation {unknown}
Potions
 c - 3 potions of heal wounds {unknown}
 l - 2 potions of berserk rage {unknown}
 s - a potion of lignification {unknown}
 t - a potion of attraction {unknown}
 u - 2 potions of curing {unknown}


   Skills:
 - Level 2.4 Fighting
 + Level 6.0 Maces & Flails
 - Level 2.4 Dodging


You had 4 spell levels left.
You didn't know any spells.
Your spell library was empty.

Dungeon Overview and Level Annotations

Branches:
Dungeon (4/15)
 Temple: D:4-7

Altars:
Zin

Shops:
D:4 =


Innate Abilities, Weirdness & Mutations

You are a hulking beast.
Your limbs bulge with bestial killing power. (Slay +0)
You are too large for most types of armour.
You have claws for hands.
Your natural rate of healing is unusually fast.
You are covered in fur. (AC +1)
You have tough skin. (AC +1)


Message History

The hobgoblin shouts!
You sock the dart slug!
You kill the dart slug!
Trog accepts your kill.
An adder comes into view. 2 ball pythons come into view.
Found a stone staircase leading down.
You see here a dart slug corpse.
You barely miss the iguana. The iguana misses you.
The adder hisses angrily.
You sock the iguana!
The iguana is heavily wounded.
The iguana closely misses you. The hobgoblin barely misses you.
You barely miss the iguana.
The iguana is heavily wounded.
The iguana bites you but does no damage.
The hobgoblin barely misses you.
You hit the iguana but do no damage.
The iguana is heavily wounded.
The iguana bites you! The hobgoblin hits you.
You hit the iguana but do no damage.
The iguana is heavily wounded.
The adder bites you. The iguana bites you. The hobgoblin closely misses you.
The ball python closely misses you.
You barely miss the iguana.
The iguana is heavily wounded.
The ball python misses you. The iguana bites you!
The hobgoblin hits you but does no damage.
The adder bites you but does no damage.
The ball python bites you but does no damage.
You barely miss the adder. The ball python bites you.
The adder bites you but does no damage. The iguana bites you!
* * * LOW HITPOINT WARNING * * *
The hobgoblin hits you but does no damage.
The ball python bites you.
* * * LOW HITPOINT WARNING * * *
The ball python barely misses you. The adder bites you.
* * * LOW HITPOINT WARNING * * *
You barely miss the adder. The iguana bites you!
You die...

....... ### .......
#.. .8..... ##.#
....... #### #..#
....... ...# #..#
.....>. ...#
#..###g...... ^..#
#######?..Shl......
...#
#.......###SS8.....
...###.......#
##.......
...'.........#
##..#.#
...###.......#
#...# ...#
#.......# ##.# ...#
#.......+ # ...#
#.......# ##.#
#....####


You could see an iguana, an adder, a hobgoblin and 2 ball pythons.

Vanquished Creatures
  Ijyb (D:3)
  An iguana (D:3)
  2 orc wizards (D:3)
  8 adders
  3 dart slugs
  2 orcs (D:3)
  7 ball pythons
  6 endoplasms
  A giant cockroach (D:2)
  5 goblins
  6 hobgoblins
  4 quokkas
  5 bats
  6 kobolds
  3 rats
60 creatures vanquished.

Notes
Turn   | Place    | Note
-------+----------+-------------------------------------------
     0 | D:1      | raph the Troll Berserker began the quest for the Orb.
     0 | D:1      | Reached XP level 1. HP: 22/22 MP: 0/0
   122 | D:1      | Reached skill level 3 in Maces & Flails
   167 | D:1      | Reached XP level 2. HP: 29/29 MP: 1/1
   532 | D:1      | Reached ** piety under Trog
   713 | D:2      | Reached skill level 4 in Maces & Flails
   713 | D:2      | Reached XP level 3. HP: 28/36 MP: 2/2
   809 | D:2      | Identified the +7 rapier "Asachubo" {freeze, rC+ Dex+2
                  | Stlth+}
  1126 | D:2      | Found a glowing silver altar of Zin.
  1524 | D:3      | Reached XP level 4. HP: 42/44 MP: 3/3
  1829 | D:3      | Reached skill level 5 in Maces & Flails
  1837 | D:3      | Reached XP level 5. HP: 34/50 MP: 4/4
  2456 | D:3      | Noticed Ijyb
  2467 | D:3      | Killed Ijyb
  2468 | D:3      | Reached skill level 6 in Maces & Flails
  2484 | D:3      | You fall into a shaft and drop 1 floor!
  2484 | D:4      | Found Intej's Jewellery Shop.
  2529 | D:4      | Slain by an iguana

Illustrated notes

Levels and vault maps discovered:
D:1:      minmay_arrival_wavy_path, layout_basic, serial_forest,
          infiniplex_forest_straight_1, infiniplex_forest_end_2,
          infiniplex_forest_clump_double, infiniplex_forest_straight_4,
          infiniplex_forest_clump_small, infiniplex_forest_lined_3,
          minmay_misc_feat_four_crosses
D:2:      layout_basic, basic_altar, minmay_cupped
D:3:      layout_basic, uniq_ijyb
D:4:      layout_basic, kennysheep_ying_yang, kennysheep_mini, temple_fountains,
          serial_shops, nicolae_shop_statue_plus, kennysheep_cross_bottleneck,
          st_stairs_1

Skill      XL: |  1  2  3  4  5 |
---------------+----------------+-----
Maces & Flails | 3 4 5 6 |  6.0
Fighting       | |  2.4
Dodging        | |  2.4

Action                     |  1- 3 |  4- 6 || total
---------------------------+-------+-------++-------
  Melee: Mace              |   126 |    35 ||   161
         Punch             |     2 |       ||     2
         Flail             |       |    37 ||    37
 Invoke: Berserk           |     2 |     3 ||     5
   Stab: Sleeping          |     2 |     1 ||     3
 Armour: Animal skin       |    93 |    69 ||   162
  Dodge: Dodged            |    73 |    37 ||   110
         Form:             |     1 |       ||     1
         Blade             |     1 |       ||     1
         Beast             |     1 |       ||     1
